Map: Portões Árticos

Players

UnicornPower - Winner!

  • Race: Protoss Protoss
  • Spawn Location: 0:00

jcarlos - Winner!

  • Race: Terran Terran
  • League: Silver
  • Spawn Location: 9:00

IagoAbreu

  • Race: Terran Terran
  • League: Gold
  • Spawn Location: 0:00

roadykill

  • Race: Terran Terran
  • Spawn Location: 3:00

VOD

Have the link to the VOD?

Description

Time

  • Played on: March 11, 2018, 2:04 p.m.
  • Length: 23:00
Show
View Real Time Build Order
Export as new Build Order

UnicornPower Protoss - Winner!

Build Orders: Colossus Rush 

Get SALT Encoding   

  12  0:02  Probe (Chrono Boost)  
  13  0:13  Probe (Chrono Boost)  
  14  0:19  Pylon  
  14  0:24  Probe  
  15  0:37  Gateway  
  15  0:41  Probe  
  16  0:56  Assimilator, Probe (Chrono Boost)  
  17  1:00  Assimilator  
  17  1:08  Probe (Chrono Boost)  
  18  1:19  Probe  
  19  1:29  Cybernetics Core  
  19  1:31  Probe  
  20  1:59  Probe  
  21  2:09  Robotics Facility  
  21  2:11  Probe (Chrono Boost)  
  23  2:23  Probe (Chrono Boost)  
  23  2:26  Pylon  
  23  2:29  Pylon  
  24  2:44  Probe  
  24  2:56  Probe  
  25  2:59  Robotics Bay  
  25  3:00  Robotics Facility  
  25  3:05  Observer  
  26  3:24  Warp Gate  
  26  3:26  Probe  
  27  3:38  Probe  
  28  4:01  Colossus  
  34  4:26  Nexus  
  34  4:38  Probe  
  35  4:45  Assimilator  
  35  4:49  Assimilator  
  35  4:50  Probe  
  36  4:57  Pylon  
  36  4:59  Pylon  
  42  5:26  Probe  
  43  5:38  Probe  
  38  5:51  Probe  
  38  5:53  Gateway  
  38  5:56  Gateway  
  39  6:00  Gateway  
  39  6:01  Twilight Council  
  39  6:03  Gateway, Probe  
  40  6:04  Gateway  
  40  6:10  Forge  
  40  6:15  Probe  
  41  6:28  Probe x2  
  43  6:40  Probe x2  
  44  6:49  Photon Cannon  
  44  6:51  Photon Cannon  
  44  6:52  Blink (Chrono Boost), Probe  
  44  6:53  Photon Cannon  
  45  6:56  Photon Cannon  
  45  7:07  Probe x2  
  47  7:09  Pylon  
  47  7:16  Adept x3  
  47  7:17  Adept  
  47  7:19  Probe x2  
  57  7:27  Adept  
  59  7:31  Probe  
  59  7:35  Probe  
  61  7:39  Stalker  
  61  7:40  Stalker x2  
  61  7:43  Probe  
  68  7:47  Probe  
  69  7:59  Warp Prism  
  61  8:34  Probe x2  
  63  8:46  Probe  
  63  8:47  Probe  
  65  8:55  Nexus  
  65  8:57  Pylon, Stalker x5  
  65  8:58  Pylon, Stalker  
  65  8:59  Probe  
  78  9:08  Pylon  
  78  9:10  Pylon  
  78  9:12  Pylon  
  78  9:15  Pylon, Observer  
  79  9:29  Probe x2  
  81  9:40  Stalker x2  
  81  9:41  Stalker x4, Probe  
  81  9:42  Probe  
  95  9:57  Probe x2  
  97  10:09  Probe x2  
  99  10:17  Stalker x2  
  99  10:18  Stalker x3  
  99  10:19  Stalker  
  111  10:21  Probe  
  112  11:12  Protoss Ground Weapons Level 1 (Chrono Boost)  
  112  11:15  Gateway  
  112  11:18  Gateway  
  112  11:20  Gateway  
  112  11:23  Stalker x3  
  112  11:24  Gateway, Stalker x3  
  112  11:25  Gateway  
  124  11:27  Gateway  
  94  12:25  Stalker x3  
  94  12:26  Stalker x3  
  100  12:40  Colossus x2  
  112  12:51  Stalker x4  
  114  12:52  Stalker x3  
  114  12:53  Stalker x3  
  114  12:54  Stalker  
  134  13:03  Probe  
  134  13:04  Probe x2  
  137  13:16  Probe x2  
  139  13:29  Probe x2  
  141  13:36  Nexus  
  141  13:41  Pylon  
  141  13:43  Pylon  
  141  13:45  Pylon  
  141  13:48  Pylon  
  141  13:50  Pylon  
  141  13:59  Probe x3  
  144  14:09  Stalker x6  
  155  14:10  Stalker x3  
  95  14:44  Stalker  
  95  14:45  Stalker x6  
  83  14:46  Stalker x3  
  92  15:16  Stalker x5  
  92  15:17  Stalker x3  
  80  16:10  Stalker x4  
  80  16:11  Stalker x2  
  78  16:13  Stalker x2  
  78  16:14  Stalker  
  78  16:18  Probe x3  
  86  16:30  Probe x3  
  89  16:42  Probe x3  
  92  16:54  Probe x3  
  92  16:55  Pylon  
  92  16:57  Pylon  
  95  17:03  Nexus  
  95  17:06  Probe  
  96  17:09  Stalker x4  
  96  17:10  Stalker x3  
  96  17:11  Stalker x4  
  110  17:46  Stalker x4  
  110  17:47  Stalker x5  
  110  17:48  Stalker x2  
  110  17:51  Probe x3  
  135  17:55  Assimilator  
  135  17:59  Pylon, Assimilator  
  135  18:01  Pylon  
  135  18:03  Probe x3  
  138  18:15  Probe  
  137  18:25  Stalker x6  
  137  18:26  Stalker x3  
  155  18:35  Assimilator  
  155  18:39  Assimilator  
  75  19:59  Stalker x6  
  87  20:00  Stalker x5  
  97  20:24  Stalker x2  
  97  20:25  Stalker x6  
  97  20:26  Stalker x3  
  119  21:23  Probe x3  
  122  21:35  Probe x2  
  124  21:45  Stargate  
  124  21:48  Stargate  
  124  21:52  Stargate  
  124  21:53  Stargate  
  124  22:09  Nexus  
  124  22:19  Nexus  
  124  22:26  Stalker x2  
  124  22:27  Stalker x5  
  124  22:28  Stalker x5  
  148  22:35  Nexus  
  148  22:44  Nexus  
Show
View Real Time Build Order
Export as new Build Order

jcarlos Terran - Winner!

Build Orders:  

Get SALT Encoding   

  12  0:58  Command Center  
  12  1:09  SCV  
  13  1:11  Supply Depot  
  13  1:16  Refinery  
  13  1:21  SCV  
  13  1:25  Refinery  
  14  1:33  SCV  
  14  1:39  Barracks  
  15  1:45  SCV  
  16  1:57  SCV  
  17  2:25  SCV  
  17  2:29  SCV  
  19  2:37  SCV  
  19  2:39  Factory  
  19  2:41  SCV, Refinery  
  21  2:51  Orbital Command  
  21  2:53  SCV  
  22  3:13  Factory  
  22  3:25  Orbital Command  
  22  3:46  Armory  
  22  3:54  Armory  
  22  3:57  Factory Tech Lab  
  22  3:58  Factory Tech Lab  
  22  4:19  Siege Tank  
  22  4:20  Siege Tank  
  28  4:24  SCV  
  29  4:33  Refinery  
  29  4:37  SCV  
  30  4:43  Supply Depot  
  30  4:49  SCV  
  31  5:01  SCV  
  31  5:05  Supply Depot  
  32  5:33  Supply Depot  
  32  5:34  Thor x2  
  44  5:40  Terran Vehicle And Ship Armor Level 1, Terran Vehicle Weapons Level 1  
  44  5:44  SCV  
  45  6:20  Thor x2  
  54  7:21  Thor x2  
  66  7:35  SCV  
  67  7:47  SCV  
  67  7:49  Terran Vehicle Weapons Level 2  
  67  7:50  Terran Ship Weapons Level 1  
  68  7:59  SCV  
  69  8:11  SCV, Command Center  
  70  8:23  SCV  
  71  8:35  SCV  
  71  8:37  Factory  
  72  8:43  Factory  
  72  8:47  SCV  
  73  8:53  Factory  
  73  9:02  Factory  
  73  9:14  Drilling Claws  
  73  9:15  Smart Servos  
  73  9:27  Supply Depot  
  73  9:35  Factory Tech Lab x2  
  73  9:36  Factory Tech Lab  
  73  9:43  Orbital Command  
  73  9:50  Supply Depot  
  73  9:51  Terran Ship Weapons Level 2  
  73  9:59  Factory Tech Lab  
  73  10:05  Thor x2  
  85  10:12  Supply Depot  
  85  10:18  SCV  
  86  10:25  Refinery  
  86  10:30  SCV  
  87  10:42  SCV, Supply Depot  
  88  10:45  Terran Vehicle Weapons Level 3  
  88  10:54  SCV, Thor x2  
  101  11:04  Supply Depot  
  101  11:26  Thor x2  
  101  11:27  Supply Depot  
  110  11:53  SCV  
  111  11:55  Engineering Bay  
  111  11:58  Refinery  
  111  12:05  SCV, Supply Depot  
  112  12:11  Terran Ship Weapons Level 3  
  112  12:19  Thor  
  112  12:20  Thor x2  
  130  12:28  Supply Depot  
  130  12:33  SCV  
  131  12:37  Neosteel Frame  
  131  12:45  SCV  
  132  12:57  SCV  
  133  12:59  Supply Depot  
  133  13:11  Thor x2  
  145  13:22  Supply Depot  
  145  13:56  Building Armor  
  145  14:21  Thor x4  
  145  14:22  Thor x2  
  151  15:36  Hi-Sec Auto Tracking  
  79  15:58  Thor  
  79  15:59  Thor x4  
  109  16:21  Refinery  
  109  16:33  Refinery  
  109  16:36  Orbital Command  
  109  16:49  Thor x2  
  121  18:11  Thor x5  
  121  18:12  Thor  
  157  18:54  Thor  
  163  19:52  Thor  
  163  19:53  Thor x5  
Show
View Real Time Build Order
Export as new Build Order

IagoAbreu Terran 

Build Orders:  

Get SALT Encoding   

  12  0:23  SCV  
  12  0:26  Supply Depot  
  13  0:35  SCV, Refinery  
  14  0:37  Refinery  
  14  1:01  Barracks  
  14  1:05  Barracks  
  14  1:20  SCV  
  15  1:32  SCV  
  16  1:59  Factory  
  16  2:01  Barracks Tech Lab x2  
  16  2:10  Orbital Command  
  16  2:24  Concussive Shells  
  16  2:45  Starport  
  16  2:46  Factory Reactor  
  16  2:50  SCV  
  17  3:21  Marauder x2  
  17  3:26  Starport Reactor  
  21  3:28  Starport  
  21  3:36  Armory  
  21  3:38  SCV  
  22  4:19  Supply Depot  
  22  4:21  Supply Depot  
  22  4:33  Starport Reactor  
  22  4:41  Widow Mine x2  
  26  5:11  Engineering Bay  
  26  5:35  Viking x3  
  32  5:37  Viking  
  34  5:52  Supply Depot  
  40  6:38  Command Center  
  34  7:20  Engineering Bay  
  34  7:46  Cyclone x2  
  34  7:49  Marauder  
  34  7:50  Marauder  
  44  8:02  Orbital Command  
  44  8:11  Marauder x2  
  48  8:41  SCV  
  49  8:53  SCV  
  50  9:02  Command Center  
  50  9:03  Viking  
  50  9:05  SCV  
  50  9:08  Marauder x2  
  57  9:17  SCV  
  57  9:18  Missile Turret  
  57  9:23  Missile Turret  
  58  9:29  SCV, Missile Turret  
  59  9:51  SCV  
  60  10:03  SCV  
  63  10:14  Marauder x2  
  63  10:15  SCV  
  63  10:19  Viking x2  
  70  10:22  Orbital Command  
  70  10:27  SCV  
  73  10:36  Marauder x2  
  73  10:39  SCV  
  76  10:47  Terran Ship Weapons Level 1  
  76  10:50  Terran Infantry Weapons Level 1  
  78  10:57  Marauder x2  
  80  11:39  Marauder x2  
  84  11:56  Medivac  
  84  11:59  Viking  
  84  12:02  Marauder x2  
  84  12:03  Medivac  
  84  12:04  Viking  
  80  12:48  Marauder  
  80  12:49  Marauder  
  84  13:25  Marauder, Viking x3  
  84  13:26  Marauder, Viking  
  96  13:38  Orbital Command  
  96  13:47  Marauder  
  96  13:48  Marauder  
  100  13:55  Viking x3  
  106  13:56  Viking  
  106  14:17  Marauder  
  106  14:19  Supply Depot, Marauder  
  106  14:21  Supply Depot  
  73  14:41  Supply Depot  
  73  14:43  Supply Depot  
  44  15:09  Liberator  
  44  15:10  Liberator x3  
  48  15:21  Marauder x2  
  54  15:42  Marauder  
  54  15:43  Marauder  
  46  15:52  Orbital Command  
  44  16:24  Liberator x3  
  30  18:05  Marauder x2  
  34  18:26  Marauder x2  
  38  18:35  Barracks  
  38  18:37  Barracks  
  1  20:29  Barracks Tech Lab  
    20:52  Orbital Command  
    21:21  SCV  
  1  21:42  SCV  
  2  21:48  Supply Depot  
  2  21:54  SCV  
  3  22:16  Barracks  
  3  22:17  Barracks  
  3  22:19  Barracks  
  3  22:23  SCV  
  4  22:35  SCV  
Show
View Real Time Build Order
Export as new Build Order

roadykill Terran 

Build Orders: Mech 

Get SALT Encoding   

  12  0:03  SCV  
  13  0:15  SCV  
  14  0:27  SCV  
  15  0:31  Supply Depot  
  15  0:44  Refinery  
  15  0:53  SCV  
  16  1:03  Barracks  
  16  1:09  SCV  
  17  1:21  SCV  
  18  1:33  SCV  
  19  1:45  SCV  
  20  1:55  Supply Depot  
  20  1:57  SCV  
  20  2:01  Marine  
  22  2:10  Factory  
  22  2:18  SCV, Supply Depot, Refinery, Marine  
  24  2:30  SCV  
  25  2:42  Supply Depot  
  25  2:49  Marine  
  26  3:05  Barracks  
  26  3:07  Marine  
  26  3:12  Factory Tech Lab  
  27  3:23  Factory  
  27  3:24  Marine  
  28  3:42  Marine  
  29  3:50  Command Center  
  29  3:54  Marine  
  30  4:00  Marine  
  30  4:02  Factory  
  31  4:03  Siege Tank  
  34  4:11  Marine  
  34  4:17  SCV  
  36  4:18  Marine  
  37  4:29  SCV, Marine, Factory Tech Lab  
  39  4:36  Marine  
  40  4:39  Engineering Bay  
  40  4:47  Marine  
  41  4:53  Marine  
  42  5:03  Supply Depot  
  42  5:05  Marine  
  43  5:11  Marine  
  44  5:19  SCV  
  45  5:23  Marine  
  45  5:25  Supply Depot  
  46  5:29  Missile Turret  
  46  5:31  SCV  
  47  5:43  SCV, Missile Turret  
  47  5:46  Marine  
  49  5:50  Marine, Missile Turret  
  49  5:53  Factory Tech Lab  
  49  5:56  SCV  
  51  6:01  Missile Turret  
  51  6:04  Marine, Missile Turret  
  51  6:07  Orbital Command  
  51  6:08  SCV  
  53  6:22  Marine  
  50  6:40  Marine  
  50  6:55  Siege Tank  
  50  6:57  Marine  
  53  7:15  Marine  
  54  7:28  Siege Tank  
  57  7:33  Marine  
  58  7:45  Siege Tank  
  58  7:51  Marine  
  61  7:58  Missile Turret  
  62  8:07  Siege Tank  
  53  8:18  Siege Tank  
  55  8:21  Missile Turret  
  55  8:25  Command Center  
  54  8:40  Siege Tank  
  57  9:22  Command Center  
  57  9:27  Siege Tank  
  60  9:32  Marine  
  60  9:36  Command Center  
  61  9:50  Marine  
  62  10:07  Marine  
  63  10:33  Marine, Siege Tank x2  
  70  10:42  SCV  
  71  10:46  Missile Turret  
  62  10:54  SCV, Marine  
  59  11:05  Siege Tank  
  59  11:06  SCV  
  59  11:07  Missile Turret  
  63  11:12  Marine  
  63  11:14  SCV  
  63  11:18  SCV  
  66  11:26  SCV  
  66  11:30  Marine, SCV  
  69  11:38  SCV, Siege Tank  
  73  11:48  Marine  
  74  11:57  Missile Turret  
  74  12:05  Marine  
  75  12:10  Siege Tank  
  78  12:59  Refinery  
  78  13:01  Refinery  
  78  13:09  Command Center  
  78  13:22  Command Center  
  78  13:51  Barracks  
  78  14:16  Marine  
  78  14:18  Marine  
  78  14:20  Siege Tank  
  72  14:30  SCV  
  67  14:34  Marine  
  67  14:37  Siege Tank  
  68  14:39  Barracks  
  68  14:42  SCV  
  69  14:52  Marine, Siege Tank  
  73  14:54  SCV  
  74  15:06  SCV  
  75  15:09  Siege Tank  
  75  15:10  Marine  
  79  15:18  SCV  
  75  15:24  Siege Tank  
  78  15:30  SCV, Siege Tank  
  76  15:42  Siege Tank  
  63  17:46  Command Center  
  63  18:19  SCV  
  63  18:53  Command Center  
  63  18:59  SCV  
  62  19:17  Siege Tank  
  62  19:22  Siege Tank  
Tags
 
Add a new tag
Caveats
  • Supply blocks, unpowered buildings, or Contaminate may cause inaccurate times.
  • Supply counts are checked every 10 seconds.